 Dungeon Crawl Stone Soup version 0.30-a0-802-gb92711bcdf (webtiles) character file.

Game seed: 5176693046226475609

57 cforsyth the Sneak (level 4, -1/27 HPs)
             Began as a Kobold Brigand on Feb 25, 2023.
             Slain by Edmund
             ... wielding a +1 dire flail of holy wrath
              (13 damage)
             ... on level 4 of the Dungeon.
             The game lasted 00:02:09 (2268 turns).

cforsyth the Sneak (Kobold Brigand)                 Turns: 2268, Time: 00:02:09

Health: -1/27      AC:  3    Str:  8    XL:     4   Next: 18%
Magic:  4/4        EV: 15    Int: 12    God:
Gold:   162        SH:  0    Dex: 18    Spells: 3/3 levels left

rFire   . . .      SeeInvis .    a - +2 dagger
rCold   . . .      Faith    .    (no shield)
rNeg    . . .      Spirit   .    b - +0 robe
rPois   .          Reflect  .    (no helmet)
rElec   .          Harm     .    c - +0 cloak
rCorr   .          Rampage  .    (no gloves)
Will    .....                    (no boots)
Stlth   ++++                     (no amulet)
HPRegen 0.24/turn                (no ring)
MPRegen 0.09/turn                (no ring)

@: no status effects
A: small, no large weapons, nightstalker 3
a: no special abilities


You were on level 4 of the Dungeon.
You visited 1 branch of the dungeon, and saw 4 of its levels.

You collected 162 gold pieces.

Inventory:

Hand Weapons
 a - a +2 dagger (weapon)
Missiles
 d - 14 poisoned darts (quivered)
 e - 3 curare-tipped darts
Armour
 b - a +0 robe (worn)
 c - a +0 cloak (worn)
Jewellery
 l - a ring of fire
 o - a ring of magical power
Wands
 i - a wand of charming (12)
Scrolls
 f - 3 scrolls of identify {unknown}
 h - 2 scrolls of teleportation {unknown}
 n - a scroll of magic mapping {unknown}
 r - a scroll of fog {unknown}
 t - a scroll of amnesia {unknown}
Potions
 g - 2 potions of cancellation {unknown}
 k - 2 potions of mutation {unknown}
 m - 2 potions of curing {unknown}
 p - a potion of ambrosia {unknown}
 q - a potion of attraction {unknown}
 s - a potion of magic {unknown}


   Skills:
 + Level 2.9 Fighting
 + Level 3.6 Short Blades
 - Level 2.1 Throwing
 + Level 2.3 Dodging
 + Level 5.9 Stealth


You had 3 spell levels left.
You didn't know any spells.
Your spell library was empty.

Dungeon Overview and Level Annotations

Branches:
Dungeon (4/15)
 Temple: D:4-7

Altars:

Shops:
D:1 !

Annotations:
D:4 Edmund


Innate Abilities, Weirdness & Mutations

You are small and have problems with some larger weapons.
You are completely attuned to the shadows.


Message History

Found 8 stones.
You see here 8 stones.
You hear a distant slurping noise.
Found a robe.
Edmund the Younger comes into view.
He is wielding a +1 dire flail of holy wrath and wearing a +1 leather armour of positive energy.
Edmund is nearby!
Edmund is nearby!
Edmund is nearby!
Edmund is nearby!
Edmund misses you.
As you read the scroll labelled DEUSTE IGYCH, it crumbles to dust.
Wisps of shadow whirl around you...
It was a scroll of summoning.
Edmund barely misses you.
Edmund hits you with a +1 dire flail of holy wrath!
You hit Edmund but do no damage.
Your scorpion barely misses Edmund.
You hit Edmund.
Edmund is lightly wounded.
Your phantom closely misses Edmund.
Edmund barely misses you.
Your scorpion stings Edmund but does no damage.
You completely miss Edmund.
Edmund is lightly wounded.
Your phantom closely misses Edmund.
Edmund closely misses you.
Your scorpion stings Edmund.
You hit Edmund but do no damage.
Edmund is lightly wounded.
Your phantom hits Edmund! Edmund completely misses you.
Your scorpion stings Edmund!
You hit Edmund but do no damage.
Edmund is heavily wounded.
Your scorpion stings Edmund.
Edmund is poisoned.
Your scorpion poisons Edmund!
Your phantom hits Edmund but does no damage.
Edmund hits you with a +1 dire flail of holy wrath!
You closely miss Edmund.
Edmund is heavily wounded.
Your scorpion closely misses Edmund.
You barely miss Edmund.
Edmund is heavily wounded.
Your phantom hits Edmund.
Edmund hits you with a +1 dire flail of holy wrath!
You die...

#.....#..#
#.....#..#
#.#......#
#.#..##..#
###.#..[#..#
#...#..##.##
#.#.#.##...#
#.#.#.@W...#
#...#s@#####
#.#.#..#
####.#.####
#........
##.###....
#######..#
####
........##
..#######
..#


You could see Edmund (very poisoned, ally target), a friendly phantom (summoned)
and a friendly scorpion (summoned).

Vanquished Creatures
  3 adders
  A worm (D:2)
  An endoplasm (D:1)
  A giant cockroach (D:1)
  5 goblins
  5 hobgoblins
  3 quokkas
  3 ball pythons
  2 frilled lizards
  2 kobolds
26 creatures vanquished.

Vanquished Creatures (others)
  A fungus (D:4)
1 creature vanquished.

Grand Total: 27 creatures vanquished

Notes
Turn   | Place    | Note
-------+----------+-------------------------------------------
     0 | D:1      | cforsyth the Kobold Brigand began the quest for the Orb.
     0 | D:1      | Reached XP level 1. HP: 12/12 MP: 1/1
   172 | D:1      | Reached XP level 2. HP: 18/18 MP: 2/2
   193 | D:1      | You fall into a shaft and drop 1 floor!
   402 | D:2      | Reached XP level 3. HP: 22/22 MP: 3/3
   534 | D:1      | Found Watoits's Distillery.
  1785 | D:3      | Reached XP level 4. HP: 27/27 MP: 4/4
  2257 | D:4      | Noticed Edmund
  2268 | D:4      | Slain by Edmund

Illustrated notes

Levels and vault maps discovered:
D:1:      wheals_arrival_shading, layout_loops_corners, serial_shops, shop,
          columned_hall_lemuel
D:2:      layout_basic, kennysheep_flooded_box
D:3:      wad_pebble_path, layout_rooms
D:4:      layout_basic, serial_shops, kennysheep_mini_moat,
          sigmund_edmund_badplayer, uniq_ijyb, uniq_robin,
          uniq_crazy_yiuf_cottage

Skill      XL: |  1  2 |
---------------+-------+-----
Short Blades   | 3 |  3.6
Dodging        | 2 |  2.3
Fighting       | |  2.9
Throwing       | |  2.1
Stealth        | |  5.9

Action                     |  1- 3 |  4- 6 || total
---------------------------+-------+-------++-------
  Melee: Dagger            |    77 |    12 ||    89
    Use: Scroll            |       |     1 ||     1
   Stab: Sleeping          |     9 |       ||     9
 Armour: Robe              |     8 |     1 ||     9
  Dodge: Dodged            |    36 |     6 ||    42

Table legend: (Time is in decaauts)
 A = Elapsed time spent in this place.
 B = Non-inter-level travel time spent in this place.
 C = Inter-level travel time spent in this place.
 D = Time resting spent in this place.
 E = Time spent auto-exploring this place.
 F = Levels seen in this place.
 G = Mean time per level.
                   A        B        C        D        E       F      G
               +--------+--------+--------+--------+--------+-----+--------+
         Total |   2252 |   2200 |     52 |      0 |   1996 |   4 |  563.0 |
       Dungeon |   2252 |   2200 |     52 |      0 |   1996 |   4 |  563.0 |
               +--------+--------+--------+--------+--------+-----+--------+

Top non-repeatable levels by time:
     D:1: 994 daAuts
     D:2: 715 daAuts
     D:3: 474 daAuts
     D:4: 68 daAuts
